ABL
NEWCASTLE BOMBERS @ ST. GEORGE DRAGONS
07/11/2022
 
TOP OF THE 1ST
Newcastle Bombers batting - Pitching for St. George Dragons : RHP Andy Crockett
Pitching: RHP Andy Crockett
Batting: LHB Darby Wellington 0-0: Ball
1-0: Ball
2-0: Foul Ball, location: 23FF
2-1: Fly out, F6 (Line Drive, 6, EV 66.3 MPH)
Batting: LHB Danny Newham 0-0: Swinging Strike
0-1: Foul Ball, location: 5FF
0-2: Strikes out swinging
Batting: RHB Bill Lindner 0-0: Ground out 6-3 (Groundball, 6MS, EV 86.3 MPH)
Top of the 1st over - 0 runs, 0 hits, 0 errors, 0 left on base; Newcastle 0 - St. George 0
BOTTOM OF THE 1ST
St. George Dragons batting - Pitching for Newcastle Bombers : RHP Tommy Sailor
Pitching: RHP Tommy Sailor
Batting: RHB Frank Scott 0-0: Ball
1-0: Ground out 5-3 (Groundball, 5S, EV 82.5 MPH)
Batting: LHB Redford Crosse 0-0: Ground out 6-3 (Groundball, 6, EV 76.9 MPH)
Batting: SHB Darren Sabin 0-0: Called Strike
0-1: Foul Ball, location: 5F
0-2: Foul Ball, location: 2RF
0-2: Foul Ball, location: 2LF
0-2: Foul Ball, location: 2F
0-2: Foul Ball, location: 2F
0-2: Fly out, F9 (Flyball, 9, EV 91.3 MPH)
Bottom of the 1st over - 0 runs, 0 hits, 0 errors, 0 left on base; Newcastle 0 - St. George 0
TOP OF THE 2ND
Newcastle Bombers batting - Pitching for St. George Dragons : RHP Andy Crockett
Batting: RHB Frank Elmar 0-0: Ground out 4-3 (Groundball, 4, EV 86.9 MPH)
Batting: LHB Rafael Pichardo 0-0: Called Strike
0-1: Ball
1-1: Ball
2-1: Fly out, F8 (Line Drive, 8LD, EV 92.5 MPH)
Batting: RHB Jarrad Johnson 0-0: Ball
1-0: Ball
2-0: Called Strike
2-1: Ground out 5-3 (Groundball, 56S, EV 68.8 MPH)
Top of the 2nd over - 0 runs, 0 hits, 0 errors, 0 left on base; Newcastle 0 - St. George 0
BOTTOM OF THE 2ND
St. George Dragons batting - Pitching for Newcastle Bombers : RHP Tommy Sailor
Batting: RHB Ray Emelio 0-0: Ball
1-0: Foul Ball, location: 3FF
1-1: Ball
2-1: Called Strike
2-2: Ground out 5-3 (Groundball, 56, EV 86.9 MPH)
Batting: RHB Darron Matts 0-0: Ball
1-0: Ground out 6-3 (Groundball, 6M, EV 110.0 MPH)
Batting: LHB Ben Etheridge 0-0: SINGLE (Groundball, 23, EV 68.1 MPH) (infield hit)
Batting: RHB Jason Pearce 0-0: Ball
1-0: Called Strike
1-1: Foul Ball, location: 2F
1-2: Fielders Choice at 2nd, 6-4 (Groundball, 6, EV 100.0 MPH)
Bottom of the 2nd over - 0 runs, 1 hit, 0 errors, 1 left on base; Newcastle 0 - St. George 0
TOP OF THE 3RD
Newcastle Bombers batting - Pitching for St. George Dragons : RHP Andy Crockett
Batting: RHB Adrian Stewart 0-0: Ground out 4-3 (Groundball, 4, EV 96.3 MPH)
Batting: RHB Everett Essex 0-0: Foul Ball, location: 25F
0-1: Swinging Strike
0-2: Foul Ball, location: 9LSF
0-2: Ball
1-2: Strikes out looking
Batting: SHB Tommy Sailor 0-0: Swinging Strike
0-1: Foul Ball, location: 2RF
0-2: Strikes out swinging
Top of the 3rd over - 0 runs, 0 hits, 0 errors, 0 left on base; Newcastle 0 - St. George 0
BOTTOM OF THE 3RD
St. George Dragons batting - Pitching for Newcastle Bombers : RHP Tommy Sailor
Batting: RHB Andy Crockett 0-0: Ball
1-0: Ball
2-0: SINGLE (Groundball, 56D, EV 95.0 MPH)
Batting: RHB Bill Orson 0-0: Sac Bunt to P - play at first, batter OUT! 1-3
Andy Crockett to second
Batting: RHB Frank Scott 0-0: Swinging Strike
0-1: Ball
1-1: Foul Ball, location: 2F
1-2: Ball
2-2: SINGLE (Line Drive, 6MD, EV 99.4 MPH)
Andy Crockett to third
Batting: LHB Redford Crosse 0-0: Foul Ball, location: 2F
0-1: Ball
1-1: Ball
2-1: Ground out 4-3 (Groundball, 13, EV 83.8 MPH)
Andy Crockett scores
Frank Scott to second
Batting: SHB Darren Sabin 0-0: Ball
1-0: Called Strike
1-1: Ball
2-1: Called Strike
2-2: Ground out U3 (Groundball, 3L, EV 98.1 MPH)
Bottom of the 3rd over - 1 run, 2 hits, 0 errors, 1 left on base; Newcastle 0 - St. George 1
TOP OF THE 4TH
Newcastle Bombers batting - Pitching for St. George Dragons : RHP Andy Crockett
Batting: LHB Darby Wellington 0-0: Ball
1-0: Called Strike
1-1: Ball
2-1: Swinging Strike
2-2: SINGLE (Line Drive, 34, EV 99.4 MPH)
Batting: LHB Danny Newham 0-0: Called Strike
0-1: Ball
1-1: Foul Ball, location: 2F
1-2: Ball
2-2: Ball
3-2: DOUBLE (Groundball, 5L, EV 93.8 MPH)
Darby Wellington to third
Batting: RHB Bill Lindner 0-0: Ball
1-0: Ball
2-0: Ground out 5-3 (Groundball, 5, EV 88.8 MPH)
Batting: RHB Frank Elmar 0-0: Ball
1-0: Called Strike
1-1: Ball
2-1: Ball
3-1: Ground out 6-3 (Groundball, 6MS, EV 63.8 MPH)
Batting: LHB Rafael Pichardo 0-0: Called Strike
0-1: Foul Ball, location: 7LMF
0-2: Foul Ball, location: 2LF
0-2: Ball
1-2: Foul Ball, location: 2RF
1-2: Ball
2-2: Ball
3-2: SINGLE (Groundball, 2R, EV 66.3 MPH) (infield hit)
Darby Wellington scores
Danny Newham to third
Batting: RHB Jarrad Johnson 0-0: Called Strike
0-1: Fly out, F8 (Flyball, 89D, EV 109.4 MPH)
Top of the 4th over - 1 run, 3 hits, 0 errors, 2 left on base; Newcastle 1 - St. George 1
BOTTOM OF THE 4TH
St. George Dragons batting - Pitching for Newcastle Bombers : RHP Tommy Sailor
Batting: RHB Ray Emelio 0-0: Swinging Strike
0-1: Ball
1-1: Ball
2-1: Foul Ball, location: 2F
2-2: Strikes out swinging
Batting: RHB Darron Matts 0-0: Ball
1-0: Ball
2-0: Foul Ball, location: 2F
2-1: Swinging Strike
2-2: Fly out, F9 (Flyball, 9, EV 93.1 MPH)
Batting: LHB Ben Etheridge 0-0: Foul Ball, location: 5F
0-1: Ball
1-1: Ball
2-1: Foul Ball, location: 2RF
2-2: Strikes out swinging
Bottom of the 4th over - 0 runs, 0 hits, 0 errors, 0 left on base; Newcastle 1 - St. George 1
TOP OF THE 5TH
Newcastle Bombers batting - Pitching for St. George Dragons : RHP Andy Crockett
Batting: RHB Adrian Stewart 0-0: Ball
1-0: Ball
2-0: Called Strike
2-1: Ball
3-1: Swinging Strike
3-2: Strikes out swinging
Batting: RHB Everett Essex 0-0: Called Strike
0-1: Swinging Strike
0-2: Ball
1-2: Ball
2-2: Foul Ball, location: 2F
2-2: Ball
3-2: Fly out, F4 (Line Drive, 4MD, EV 68.1 MPH)
Batting: SHB Tommy Sailor 0-0: Swinging Strike
0-1: Called Strike
0-2: Foul Ball, location: 2F
0-2: Ball
1-2: Ball
2-2: Ball
3-2: Fly out, F8 (Flyball, 8LM, EV 91.3 MPH)
Top of the 5th over - 0 runs, 0 hits, 0 errors, 0 left on base; Newcastle 1 - St. George 1
BOTTOM OF THE 5TH
St. George Dragons batting - Pitching for Newcastle Bombers : RHP Tommy Sailor
Batting: RHB Jason Pearce 0-0: Ball
1-0: Ball
2-0: Ball
3-0: Called Strike
3-1: Base on Balls
Batting: RHB Andy Crockett 0-0: Bunt - Flyout to 2R! F2
Batting: RHB Bill Orson 0-0: DOUBLE (Line Drive, 3D, EV 95.0 MPH)
Jason Pearce to third
Runner from 3rd tries for Home, throw by RF and OUT! 9-4-2
Bill Orson to third
Batting: RHB Frank Scott 0-0: Called Strike
0-1: Swinging Strike
0-2: SINGLE (Line Drive, 7S, EV 90.6 MPH)
Bill Orson scores
Batting: LHB Redford Crosse 0-0: Called Strike
0-1: Hit by Pitch
Frank Scott to second
Batting: SHB Darren Sabin 0-0: Ball
1-0: Ball
2-0: Foul Ball, location: 7LMF
2-1: Foul Ball, location: 7LMF
2-2: Ball
3-2: Fly out, F8 (Flyball, 89M, EV 76.3 MPH)
Bottom of the 5th over - 1 run, 2 hits, 0 errors, 2 left on base; Newcastle 1 - St. George 2
TOP OF THE 6TH
Newcastle Bombers batting - Pitching for St. George Dragons : RHP Andy Crockett
Batting: LHB Darby Wellington 0-0: Ball
1-0: Ground out 4-3 (Groundball, 4S, EV 69.4 MPH)
Batting: LHB Danny Newham 0-0: Foul Ball, location: 9LSF
0-1: Fly out, F4 (Popup, 34S, EV 77.5 MPH)
Batting: RHB Bill Lindner 0-0: Ground out 5-3 (Groundball, 56, EV 81.9 MPH)
Top of the 6th over - 0 runs, 0 hits, 0 errors, 0 left on base; Newcastle 1 - St. George 2
BOTTOM OF THE 6TH
St. George Dragons batting - Pitching for Newcastle Bombers : RHP Tommy Sailor
Batting: RHB Ray Emelio 0-0: Called Strike
0-1: Ball
1-1: Ground out 5-3 (Groundball, 5, EV 83.8 MPH)
Batting: RHB Darron Matts 0-0: Called Strike
0-1: Ball
1-1: SINGLE (Groundball, 4MS, EV 62.5 MPH) (infield hit)
Batting: LHB Ben Etheridge 0-0: Called Strike
Darron Matts is caught stealing 2nd base 2-6
0-1: Called Strike
0-2: SINGLE (Groundball, 6MD, EV 108.1 MPH)
Batting: RHB Jason Pearce 0-0: Ball
1-0: Foul Ball, location: 9LSF
1-1: Ball
2-1: Ground out 4-3 (Groundball, 4, EV 88.1 MPH)
Bottom of the 6th over - 0 runs, 2 hits, 0 errors, 1 left on base; Newcastle 1 - St. George 2
TOP OF THE 7TH
Newcastle Bombers batting - Pitching for St. George Dragons : RHP Andy Crockett
Batting: RHB Frank Elmar 0-0: Foul Ball, location: 2F
0-1: Foul Ball, location: 2F
0-2: Foul Ball, location: 3DF
0-2: Foul Ball, location: 2F
0-2: Ball
1-2: Strikes out swinging
Batting: LHB Rafael Pichardo 0-0: Ball
1-0: Foul Ball, location: 7LSF
1-1: Foul Ball, location: 5DF
1-2: Foul Ball, location: 7LDF
1-2: Ball
2-2: Fly out, F7 (Flyball, 7, EV 93.8 MPH)
Batting: RHB Jarrad Johnson 0-0: Swinging Strike
0-1: Called Strike
0-2: Ball
1-2: Foul Ball, location: 5F
1-2: Strikes out swinging
Top of the 7th over - 0 runs, 0 hits, 0 errors, 0 left on base; Newcastle 1 - St. George 2
BOTTOM OF THE 7TH
St. George Dragons batting - Pitching for Newcastle Bombers : RHP Tommy Sailor
Batting: RHB Andy Crockett 0-0: Called Strike
0-1: Ball
1-1: Ball
2-1: Ground out 6-3 (Groundball, 6S, EV 67.5 MPH)
Batting: RHB Bill Orson 0-0: Swinging Strike
0-1: Foul Ball, location: 5FF
0-2: SINGLE (Groundball, 4MD, EV 106.9 MPH)
Pitching: LHP Denis Kivell
Batting: RHB Frank Scott 0-0: SINGLE (Line Drive, 7LS, EV 96.3 MPH)
Bill Orson to second
Batting: LHB Redford Crosse 0-0: Called Strike
0-1: Ball
1-1: Fielders Choice at 2nd, 3-6 (Groundball, 23, EV 78.1 MPH)
Bill Orson to third
Batting: SHB Darren Sabin 0-0: Called Strike
0-1: Ball
1-1: Foul Ball, location: 25FF
1-2: Foul Ball, location: 7LSF
1-2: Ball
2-2: Strikes out swinging
Bottom of the 7th over - 0 runs, 2 hits, 0 errors, 2 left on base; Newcastle 1 - St. George 2
TOP OF THE 8TH
Newcastle Bombers batting - Pitching for St. George Dragons : RHP Andy Crockett
Batting: RHB Adrian Stewart 0-0: Ball
1-0: Foul Ball, location: 2F
1-1: Ground out 5-3 (Groundball, 5L, EV 108.8 MPH)
Batting: RHB Everett Essex 0-0: Ball
1-0: Foul Ball, location: 3F
1-1: Called Strike
1-2: Ball
2-2: Strikes out swinging
Pinch Hitting: RHB Newt Dingle 0-0: Called Strike
0-1: Fly out, F8 (Flyball, 8RXD, EV 100.0 MPH)
Top of the 8th over - 0 runs, 0 hits, 0 errors, 0 left on base; Newcastle 1 - St. George 2
BOTTOM OF THE 8TH
St. George Dragons batting - Pitching for Newcastle Bombers : LHP Denis Kivell
Pitching: RHP Benny Scanlan
Batting: RHB Ray Emelio 0-0: Called Strike
0-1: Ball
1-1: Ball
2-1: Ball
3-1: SINGLE (Line Drive, 34D, EV 104.4 MPH)
Batting: RHB Darron Matts 0-0: Foul Ball, location: 9LMF
0-1: Swinging Strike
0-2: Ball
1-2: Strikes out swinging
Batting: LHB Ben Etheridge 0-0: Called Strike
Ray Emelio is caught stealing 2nd base 2-6
0-1: Ball
1-1: Ball
2-1: Foul Ball, location: 3SF
2-2: Ball
3-2: Strikes out swinging
Bottom of the 8th over - 0 runs, 1 hit, 0 errors, 0 left on base; Newcastle 1 - St. George 2
TOP OF THE 9TH
Newcastle Bombers batting - Pitching for St. George Dragons : RHP Andy Crockett
Pitching: RHP Ron Brennan
Now at C: Chris Roberts
Now at 1B: Darren Sabin
Now in LF: Kris Crowe
Now in RF: Jason Pearce
Batting: LHB Darby Wellington 0-0: SINGLE (Groundball, 56D, EV 108.8 MPH)
Batting: LHB Danny Newham 0-0: Called Strike
0-1: Ball
1-1: Foul Ball, location: 3FF
1-2: Strikes out looking
Batting: RHB Bill Lindner 0-0: Ball
1-0: Called Strike
1-1: Swinging Strike
1-2: Ball
2-2: Foul Ball, location: 2F
2-2: Grounds into double play, 6-4-3 (Groundball, 6, EV 81.3 MPH)
Top of the 9th over - 0 runs, 1 hit, 0 errors, 0 left on base; Newcastle 1 - St. George 2
Saturday, May 4th , 2024 - OOTP Baseball 24.9 Build 80